[Event "*** Titled Tuesday Blitz"]
[Site "Chess.com"]
[Date "2018.05.01"]
[Round "3"]
[White "dolynachess"]
[Black "goingin33"]
[Result "1-0"]
[WhiteElo "2367"]
[BlackElo "2206"]
[TimeControl "180+2"]
[EndTime "13:38:14 PDT"]
[Termination "dolynachess won by resignation"]

1. d4 Nf6 2. c4 e6 3. g3 Bb4+ 4. Nd2 O-O 5. Bg2 d5 6. Nf3 dxc4 7. O-O Bxd2 8. Bxd2 c6 9. Bb4 Re8 10. Ne5 Nd5 11.
Ba3 b5 12. e4 Nb6 13. b3 f6 14. Nf3 a5 15. Bc1 c3 16. e5 f5 17. Ng5 h6 18.
Nh3 Nd5 19. Kh1 Nd7 20. Rg1 N7b6 21. Qh5 Bd7 22. Bxh6 Qe7 23. Bc1 Qf7 24. Qh4 a4 25. bxa4 Nxa4 26. Bf3 b4 27. Ng5 Qg6 28. Bh5 Qh6 29.
g4 f4 30. Nh3 g6 31. Nxf4 Nxf4 32. Rg3 gxh5 33. gxh5+ Kh8 34. Bxf4 Qh7 35. Qf6+ 1-0

[Event "*** Titled Tuesday Blitz"]
[Site "Chess.com"]
[Date "2018.05.01"]
[Round "3"]
[White "Oleksandr_Bortnyk"]
[Black "TheCount"]
[Result "1-0"]
[WhiteElo "2781"]
[BlackElo "2549"]
[TimeControl "180+2"]
[EndTime "13:38:18 PDT"]
[Termination "Oleksandr_Bortnyk won by resignation"]

1. e4 e5 2. Nf3 Nc6 3. Bb5 a6 4. Ba4 Nf6 5. Qe2 b5 6. Bb3 Bc5 7. O-O d6 8. h3 O-O 9. c3 Re8 10. Ng5 Re7 11. d3 h6 12. Nf3 Be6 13. Be3 Bxe3 14.
fxe3 d5 15. exd5 Nxd5 16. Bxd5 Qxd5 17. Nbd2 Rd8 18. Ne1 Red7 19. a4 Ne7 20. axb5 axb5 21. Ra5 Qc6 22. d4 exd4 23. exd4 b4 24. Rc5 Qxc5 25.
dxc5 Rxd2 26. Qe5 c6 27. cxb4 Nd5 28. Nf3 Rd3 29. Nd4 Re3 30. Qh2 Nxb4 31. Nxe6 Rxe6 32. Qf4 1-0

[Event "*** Titled Tuesday Blitz"]
[Site "Chess.com"]
[Date "2018.05.01"]
[Round "3"]
[White "bugsbunny444"]
[Black "Koksik_13"]
[Result "0-1"]
[WhiteElo "2317"]
[BlackElo "2499"]
[TimeControl "180+2"]
[EndTime "13:38:23 PDT"]
[Termination "Koksik_13 won by resignation"]

1. Nf3 a6 2. d4 b5 3. Bf4 Bb7 4.
e3 d6 5. Bd3 Nd7 6. O-O Ngf6 7.
h3 g6 8. a4 b4 9. Nbd2 a5 10. e4 Bg7 11. Qe2 O-O 12. Rfe1 c5 13. d5 Rc8 14. Nc4 Ba8 15. Qd2 Nb6 16. Bh6 Nxc4 17.
Bxc4 Nd7 18. Bxg7 Kxg7 19. Bb5 Ne5 20. Nxe5 dxe5 21. Rad1 Qd6 22. b3 f5 23. c4 f4 24. f3 g5 25. Qf2 h5 26. Kf1 Rf6 27.
Ke2 Rcf8 28. Rg1 Bb7 29. Kd3 Bc8 30. Rdf1 Rh6 31. Kc2 Rfh8 32. Kb2 g4 33. hxg4 hxg4 34. g3 Rh2 35. Rg2 Rxg2 36. Qxg2 Qg6 37. gxf4 g3 38.
f5 Qg5 39. Rg1 Rh2 40. Qxh2 gxh2 41. Rxg5+ Kh6 42. Rg8 Kh7 43. Rxc8 h1=Q 44. Rxc5 Qg2+ 45. Kb1 Qg1+ 46. Kb2 Qxc5 0-1

[Event "*** Titled Tuesday Blitz"]
[Site "Chess.com"]
[Date "2018.05.01"]
[Round "3"]
[White "RojonR"]
[Black "Turkey-Champion"]
[Result "1-0"]
[WhiteElo "2385"]
[BlackElo "2280"]
[TimeControl "180+2"]
[EndTime "13:38:28 PDT"]
[Termination "RojonR won by checkmate"]

1. e4 c5 2. Nf3 Nc6 3. Bb5 g6 4. Bxc6 bxc6 5. O-O Bg7 6. Re1 d6 7. c3 e5 8. d4 cxd4 9. cxd4 Bg4 10. dxe5 dxe5 11.
Qc2 Bxf3 12. Qxc6+ Kf8 13. Qc5+ Qe7 14. Qxe7+ Nxe7 15. gxf3 Nc6 16. Be3 Rb8 17. b3 Nb4 18. Na3 Ke8 19.
Red1 Bf8 20. Nc4 Be7 21. Bxa7 Rb7 22. Be3 f5 23. Nxe5 Bf6 24. Nc4 Bxa1 25. Nd6+ Ke7 26. Nxb7 Bc3 27. Bc5+ Ke6 28. Nd8+ Ke5 29. Bxb4 Bxb4 30.
Nf7+ Kf4 31. Nxh8 fxe4 32. fxe4 Kxe4 33. Nf7 h5 34. a4 h4 35. Nd6+ Kf3 36. Nc4 g5 37. a5 g4 38. a6 Bc5 39. Rd2 g3 40. hxg3 hxg3 41. Rd3+ Ke2 42. Rxg3 Bxf2+ 43. Kg2 Bxg3 44.
Kxg3 Kd3 45. a7 Kc3 46. a8=Q Kb4 47. Ne5 Kxb3 48. Qc6 Kb4 49. Kf3 Ka3 50. Qb5 Ka2 51. Nc4 Ka1 52. Qb2# 1-0

[Event "*** Titled Tuesday Blitz"]
[Site "Chess.com"]
[Date "2018.05.01"]
[Round "3"]
[White "PawnEatingZombie"]
[Black "Siemba"]
[Result "1/2-1/2"]
[WhiteElo "1993"]
[BlackElo "2026"]
[TimeControl "180+2"]
[EndTime "13:38:29 PDT"]
[Termination "Game drawn by repetition"]

1. d4 Nf6 2. c4 g6 3. Nc3 Bg7 4. e4 d6 5. Nf3 O-O 6. Be2 e5 7. O-O Nc6 8. Be3 Ng4 9. Bg5 f6 10. Bc1 f5 11. Bg5 Nf6 12. dxe5 Nxe5 13. Nxe5 dxe5 14.
Qxd8 Rxd8 15. Nd5 Rxd5 16. exd5 Ne4 17. Be3 Bd7 18. f3 Nd6 19. Rac1 Re8 20. Rfd1 f4 21. Bf2 Nf5 22. b3 e4 23. fxe4 Rxe4 24. Bf3 Re8 25. c5 Ne3 26. Bxe3 fxe3 27. c6 bxc6 28. dxc6 Bf5 29. Be2 Be5 30. g3 Bd6 31. Rxd6 cxd6 32.
c7 Bc8 33. b4 Kf7 34. b5 Ke7 35. Rc3 Kf6 36. a4 d5 37. a5 d4 38. Rc6+ Ke5 39. b6 axb6 40. axb6 Bb7 41. Rc1 Kd6 42. Bd3 e2 43. Kf2 e1=Q+ 44. Rxe1 Rxe1 45. Kxe1 Kc5 46. Be4 Kxb6 47. Bxb7 Kxb7 48. c8=Q+ Kxc8 49. Kd2 Kd7 50. Kd3 Ke6 51. Kxd4 Kd6 52. Ke4 Ke6 53. g4 g5 54.
h3 h6 55. Kd4 Kd6 56. Ke4 Ke6 57. Kd4 Kd6 58. Ke4 Ke6 1/2-1/2

[Event "*** Titled Tuesday Blitz"]
[Site "Chess.com"]
[Date "2018.05.01"]
[Round "3"]
[White "catalin009"]
[Black "LuisFSiles"]
[Result "0-1"]
[WhiteElo "2383"]
[BlackElo "2238"]
[TimeControl "180+2"]
[EndTime "13:38:30 PDT"]
[Termination "LuisFSiles won by resignation"]

1. Nf3 g6 2. c4 Bg7 3. d4 Nf6 4.
Nc3 O-O 5. e4 d6 6. Be2 c5 7. d5 e6 8. O-O exd5 9. cxd5 Bg4 10.
Nd2 Bxe2 11. Qxe2 a6 12. a4 Re8 13. f3 Nbd7 14. Nc4 Ne5 15. Bf4 Nxc4 16. Qxc4 Qe7 17.
a5 Nd7 18. Na4 Rab8 19. Qc2 b5 20. axb6 Nxb6 21. b3 Bxa1 22. Rxa1 Qf6 23. Qc1 Nxa4 24. bxa4 Rb4 25. Bg5 Qd4+ 26. Be3 Qd3 27. Bh6 Reb8 28. Qg5 Qd4+ 0-1

[Event "*** Titled Tuesday Blitz"]
[Site "Chess.com"]
[Date "2018.05.01"]
[Round "3"]
[White "Perecke"]
[Black "Abdodi"]
[Result "1/2-1/2"]
[WhiteElo "1961"]
[BlackElo "2033"]
[TimeControl "180+2"]
[EndTime "13:38:34 PDT"]
[Termination "Game drawn by repetition"]

1. e4 c6 2. Nc3 d5 3. Nf3 dxe4 4. Nxe4 Bg4 5. Be2 Nf6 6. Nxf6+ exf6 7. O-O Bd6 8. Re1 O-O 9. d3 Qc7 10. h3 Bxf3 11.
Bxf3 Nd7 12. Bd2 Ne5 13. Bc3 Rfe8 14. d4 Nxf3+ 15. Qxf3 Re7 16. Rxe7 Qxe7 17. Re1 Qd7 18. Kh1 Re8 19. Re3 Rxe3 20. Qxe3 Qe7 21. Qxe7 Bxe7 22. Kg1 c5 23. d5 Kf8 24. Bd2 b5 25. Be3 a6 26. b3 c4 27. Kf1 Ke8 28. Ke2 Kd7 29.
Kf3 Kd6 30. Ke4 f5+ 31. Kxf5 Kxd5 32. Bb6 b4 33. g4 g6+ 34. Kf4 Bh4 35. g5 f6 36. gxf6 Bxf6 37. f3 cxb3 38. axb3 Kc6 39. Be3 Kd5 40. Bb6 Kc6 41. Be3 Kd5 42. Bb6 Kc6 1/2-1/2

[Event "*** Titled Tuesday Blitz"]
[Site "Chess.com"]
[Date "2018.05.01"]
[Round "3"]
[White "Abund"]
[Black "TigranLPetrosyan"]
[Result "0-1"]
[WhiteElo "2489"]
[BlackElo "2672"]
[TimeControl "180+2"]
[EndTime "13:38:36 PDT"]
[Termination "TigranLPetrosyan won by checkmate"]

1. Nf3 d5 2. d4 c6 3. c4 Nf6 4. e3 Bf5 5. Nc3 e6 6. Bd3 Bxd3 7.
Qxd3 Nbd7 8. O-O Be7 9. e4 dxe4 10. Nxe4 Nxe4 11. Qxe4 O-O 12. b3 Nf6 13. Qe2 a5 14. a4 Qb6 15. Rb1 Rfd8 16. Rd1 h6 17. Be3 Ne4 18. Qc2 f5 19. d5 Bc5 20. Bxc5 Qxc5 21.
dxe6 Rxd1+ 22. Rxd1 Re8 23. Rd7 Rxe6 24. Rxb7 Rd6 25. Qe2 Qa3 26. g3 Qa1+ 27. Kg2 c5 28. Qe3 Qb2 29. Rb5 Kh7 30. h4 Rd3 31. Qxd3 Qxf2+ 32. Kh3 Qxg3# 0-1

[Event "*** Titled Tuesday Blitz"]
[Site "Chess.com"]
[Date "2018.05.01"]
[Round "3"]
[White "lolo9292"]
[Black "Jbd735"]
[Result "0-1"]
[WhiteElo "1796"]
[BlackElo "2348"]
[TimeControl "180+2"]
[EndTime "13:38:43 PDT"]
[Termination "Jbd735 won by checkmate"]

1. d4 d5 2. c4 e6 3. Nf3 c6 4. e3 Nf6 5. b3 Nbd7 6. Bd3 Bb4+ 7. Nbd2 Ne4 8. O-O f5 9. a3 Bd6 10. cxd5 exd5 11. g3 O-O 12. Nh4 Qe7 13. f4 Nxg3 14. hxg3 Qxe3+ 15. Kg2 Qxd3 16. Rf3 Qxd4 17.
Rb1 Nf6 18. Bb2 Qb6 19. Qc2 Ne4 20. Rh1 Bd7 21. Nf1 Rae8 22. Ne3 Qc5 23. Qd3 Rf7 24. b4 Qb6 25. Bd4 Qc7 26. Ba1 Be6 27. Qd4 b6 28.
Qb2 c5 29. Rc1 d4 30. bxc5 bxc5 31. Nc4 Bd5 32. Kh2 Bf8 33. Ne5 Rxe5 34. fxe5 Qxe5 35. Rcf1 Bd6 36. Rf4 g5 37. Nxf5 Rxf5 38. Rxf5 Qxg3+ 39. Kh1 Nf2# 0-1

[Event "*** Titled Tuesday Blitz"]
[Site "Chess.com"]
[Date "2018.05.01"]
[Round "3"]
[White "JoachimBN"]
[Black "nOcHeaTiNgKiD"]
[Result "1/2-1/2"]
[WhiteElo "2551"]
[BlackElo "2373"]
[TimeControl "180+2"]
[EndTime "13:38:44 PDT"]
[Termination "Game drawn by repetition"]

1. c4 e6 2. Nc3 d5 3. e3 Nf6 4. Nf3 Be7 5. b3 O-O 6. Bb2 a6 7. Qc2 Nbd7 8. Be2 b6 9. O-O-O c5 10. g4 Bb7 11. Bd3 dxc4 12. Be2 cxb3 13. axb3 Nd5 14. Nxd5 Bxd5 15. g5 b5 16. Rhg1 Qa5 17. e4 Bb7 18. Bc3 Qa3+ 19. Bb2 Qb4 20. d3 c4 21. dxc4 Nc5 22. Nd2 bxc4 23. Bxc4 Rac8 24. Kb1 Rfd8 25. Bc3 Qa3 26. Bb2 Qb4 27. f3 a5 28. Qc3 Qxc3 29. Bxc3 a4 30. Ba5 Rd4 31. Bc3 Rdd8 32. Ba5 Rd4 33. Bc3 Rdd8 34. Ba5 1/2-1/2

[Event "*** Titled Tuesday Blitz"]
[Site "Chess.com"]
[Date "2018.05.01"]
[Round "3"]
[White "LastHeroJr"]
[Black "michaelq2d5"]
[Result "0-1"]
[WhiteElo "2445"]
[BlackElo "2694"]
[TimeControl "180+2"]
[EndTime "13:38:46 PDT"]
[Termination "michaelq2d5 won by resignation"]

1. e4 e5 2. Nf3 Nc6 3. Bc4 Bc5 4. O-O Nf6 5. d3 d6 6. a4 a6 7. Re1 Ba7 8. c3 O-O 9. h3 h6 10. Nbd2 Re8 11. Nf1 Be6 12. Bxe6 Rxe6 13. Be3 Bxe3 14. Nxe3 g6 15. b4 Re8 16. b5 Nb8 17. Qb3 Nbd7 18. bxa6 Nc5 19. Qc4 Rxa6 20. a5 Qa8 21. d4 Ncxe4 22.
dxe5 dxe5 23. Ng4 Rc6 24. Qb4 Nxg4 25. Rxe4 Nf6 26. Rxe5 Rxe5 27. Nxe5 Re6 28. Nf3 Nd5 29. Qc5 b6 30. Qd4 bxa5 31. c4 Nb4 32. Qc5 Nc6 33. Qb5 Qd8 34. Qc5 Kg7 35. Qe3 Rxe3 0-1

[Event "*** Titled Tuesday Blitz"]
[Site "Chess.com"]
[Date "2018.05.01"]
[Round "3"]
[White "pultineviciuspaulius"]
[Black "NormWeinstein"]
[Result "1-0"]
[WhiteElo "2543"]
[BlackElo "2289"]
[TimeControl "180+2"]
[EndTime "13:38:54 PDT"]
[Termination "pultineviciuspaulius won by resignation"]

1. e4 c5 2. Nf3 d6 3. d4 Nf6 4. Nc3 cxd4 5. Qxd4 Nbd7 6. b3 a6 7. Bb2 e5 8. Qd2 b5 9. O-O-O Bb7 10. Bd3 Be7 11.
Rde1 O-O 12. Kb1 Rc8 13. Nh4 b4 14. Nd1 Nxe4 15. Bxe4 Bxe4 16. Rxe4 Bxh4 17. Qxd6 Be7 18. Qd2 a5 19. Ne3 Bg5 20. Rg4 Bh6 21. Qe2 Nf6 22. Rd1 Qe8 23. Rg3 Bf4 24. Rf3 Qe6 25. g3 Bh6 26. Nf5 Ne8 27. Qxe5 Qc6 28. Ne7+ 1-0

[Event "*** Titled Tuesday Blitz"]
[Site "Chess.com"]
[Date "2018.05.01"]
[Round "3"]
[White "vugarrasulov"]
[Black "FMJoseHerrera"]
[Result "1-0"]
[WhiteElo "2730"]
[BlackElo "2408"]
[TimeControl "180+2"]
[EndTime "13:38:59 PDT"]
[Termination "vugarrasulov won on time"]

1. e4 c5 2. Nf3 e6 3. d4 cxd4 4. Nxd4 a6 5. Nc3 Qc7 6. f4 b5 7. Bd3 Bb7 8. Be3 d6 9. Qf3 Nd7 10. O-O Ngf6 11. Rae1 Be7 12. a3 Rc8 13. Qg3 h5 14. h3 h4 15. Qf3 Nh5 16. f5 e5 17.
Nde2 Nc5 18. b4 Nd7 19. a4 Ng3 20. Nxg3 Qxc3 21. Nh5 Kf8 22. axb5 axb5 23. Bxb5 Nf6 24. Nxf6 gxf6 25. Bd3 Qc6 26. b5 Qd7 27. c4 Bd8 28. Ra1 Ke7 29. Ra7 Rb8 30. c5 dxc5 31.
Bxc5+ Ke8 32. Bc4 Be7 33. Bxe7 Qxe7 34. Qe3 Rg8 35. Bd5 Rg3 36. Qb6 Qb4 37. Rxb7 Rd8 38. Qxf6 Qd4+ 39. Kh1 1-0

[Event "*** Titled Tuesday Blitz"]
[Site "Chess.com"]
[Date "2018.05.01"]
[Round "3"]
[White "gmcorrales"]
[Black "b_6"]
[Result "1-0"]
[WhiteElo "2731"]
[BlackElo "2303"]
[TimeControl "180+2"]
[EndTime "13:39:01 PDT"]
[Termination "gmcorrales won by resignation"]

1. b3 d5 2. f4 Nf6 3. Nf3 g6 4. Bb2 Bg7 5. e3 O-O 6. Be2 c5 7. O-O Nc6 8. Qe1 d4 9. Na3 Nd5 10. Qh4 e5 11. Qxd8 Rxd8 12. fxe5 dxe3 13. Rad1 Bg4 14.
Nc4 Nf4 15. Rfe1 exd2 16. Ncxd2 Nb4 17. Bc4 Nxc2 18. Re4 Bxf3 19. gxf3 Ne6 20. Kf2 Ng5 21. Rg4 Ne6 22. Bxe6 fxe6 23. Ke2 Rd7 24. Rc4 b6 25. Rxc2 Rad8 26. f4 Bh6 27. Rf1 Rf7 28. Ne4 Rxf4 29. Nf6+ Kf7 30. Rxf4 Bxf4 31. Kf3 Bg5 32.
Ne4 Rd3+ 33. Kg2 Be7 34. Rf2+ Kg7 35. Rd2 Re3 36. Nf6 1-0

[Event "*** Titled Tuesday Blitz"]
[Site "Chess.com"]
[Date "2018.05.01"]
[Round "3"]
[White "pKiLz5Rn9b"]
[Black "JozefKneht"]
[Result "0-1"]
[WhiteElo "2627"]
[BlackElo "2392"]
[TimeControl "180+2"]
[EndTime "13:39:02 PDT"]
[Termination "JozefKneht won on time"]

1. e4 c6 2. d4 d5 3. Nc3 dxe4 4. Nxe4 Bf5 5. Ng3 Bg6 6. Nf3 Nd7 7. h4 h6 8. h5 Bh7 9. Bd3 Bxd3 10. Qxd3 Qc7 11.
Bd2 Ngf6 12. O-O-O e6 13. Kb1 O-O-O 14. Bc1 Bd6 15. Ne4 Nxe4 16. Qxe4 Nf6 17. Qe2 Rhe8 18. Ne5 Bxe5 19. dxe5 Nd5 20. c4 Ne7 21. g4 Rxd1 22. Rxd1 Rd8 23. f4 Rxd1 24. Qxd1 c5 25. Qf3 Qd7 26.
b3 Nc6 27. Qe3 b6 28. Qe4 Kc7 29. f5 Qd1 30. f6 gxf6 31. exf6 Nb4 32. Qe3 Qc2+ 0-1

[Event "*** Titled Tuesday Blitz"]
[Site "Chess.com"]
[Date "2018.05.01"]
[Round "3"]
[White "bangchess21"]
[Black "Supernotar"]
[Result "0-1"]
[WhiteElo "2505"]
[BlackElo "2499"]
[TimeControl "180+2"]
[EndTime "13:39:03 PDT"]
[Termination "Supernotar won by resignation"]

1. c4 c5 2. Nc3 Nc6 3. g3 g6 4.
Bg2 Bg7 5. e3 e6 6. Nge2 Nge7 7. d4 cxd4 8. exd4 d5 9. cxd5 Nxd5 10. Nxd5 exd5 11. O-O O-O 12. Be3 Be6 13. Rc1 Qb6 14. b3 Rfd8 15. Qd2 Bg4 16. Nc3 Nxd4 17. f3 Bxf3 18. Na4 Qf6 19. Kh1 Bxg2+ 20. Kxg2 Qe5 21. Nc5 Nf5 22. Bg1 b6 23. Rce1 Qc3 24. Qxc3 Bxc3 25. Rc1 Bd2 26. Rc2 Be3 27. Nd3 Bxg1 28. Kxg1 Ne3 29.
Rcf2 Nxf1 30. Kxf1 Rac8 31. Rd2 Kg7 32. Kf2 d4 33.
Nf4 Rc1 34. Ne2 Rh1 35. h4 d3 36. Kg2 dxe2 0-1

[Event "*** Titled Tuesday Blitz"]
[Site "Chess.com"]
[Date "2018.05.01"]
[Round "3"]
[White "Abrito99"]
[Black "HarutyunianTigranK"]
[Result "0-1"]
[WhiteElo "2509"]
[BlackElo "2729"]
[TimeControl "180+2"]
[EndTime "13:39:04 PDT"]
[Termination "HarutyunianTigranK won by resignation"]

1. e4 e5 2. Nf3 Nc6 3. Bc4 Bc5 4. c3 Nf6 5. d3 d6 6. O-O O-O 7. Bb3 h6 8. h3 a6 9. Re1 Be6 10. Bc2 Ba7 11. Nbd2 Re8 12. Nf1 d5 13. Qe2 dxe4 14.
dxe4 Kh7 15. Ng3 g6 16. Be3 Bxe3 17. Qxe3 Qe7 18. Bb3 Nd7 19. Bd5 Na5 20. Rad1 Rad8 21. Qe2 c6 22. Bxe6 Qxe6 23. b3 b5 24. Rd3 Nb7 25. Red1 Ndc5 26. Rxd8 Rxd8 27. Rxd8 Nxd8 28. Qd2 Qe7 29. h4 Nd7 30. h5 Ne6 31. hxg6+ fxg6 32. Ne2 Nec5 33. Qe3 Qd6 34. Kh2 Nf6 35. Kh1 Ncxe4 36. Qa7+ Kh8 37. Qa8+ Ng8 38. Qe8 Nxf2+ 39. Kg1 Ng4 40. Kh1 e4 41. Nf4 Qxf4 0-1

[Event "*** Titled Tuesday Blitz"]
[Site "Chess.com"]
[Date "2018.05.01"]
[Round "3"]
[White "joejan"]
[Black "Caisachess"]
[Result "1/2-1/2"]
[WhiteElo "2150"]
[BlackElo "2169"]
[TimeControl "180+2"]
[EndTime "13:39:05 PDT"]
[Termination "Game drawn by repetition"]

1. e4 e5 2. Nf3 Nc6 3. Bb5 f5 4. d3 fxe4 5. dxe4 Nf6 6. Qd3 Bb4+ 7. c3 Bc5 8. b4 Bb6 9. a4 a6 10. Bc4 d6 11. O-O Qe7 12. Na3 Be6 13. Bxe6 Qxe6 14.
Nc4 Ba7 15. b5 axb5 16. axb5 Bxf2+ 17. Kxf2 Rxa1 18. bxc6 bxc6 19. Bg5 Rxf1+ 20. Kxf1 O-O 21. Bxf6 Rxf6 22. Ne3 Rf8 23. Qc4 Qxc4+ 24. Nxc4 Rf4 25. Nd2 Rf8 26. Ke2 Rb8 27. Kd3 h6 28. Ne1 Kf7 29. Nc2 Ke6 30. Nb4 c5 31. Nd5 c6 32. Ne3 g6 33. Nf3 d5 34. Ng4 c4+ 35. Ke3 Rb3 36. Ngxe5 Rxc3+ 37. Kd4 Rc2 38. Nxg6 Kf6 39. Nf4 dxe4 40.
Kxe4 Rf2 41. Ke3 Ra2 42. Kd4 Kf5 43. g3 Rf2 44. Nh4+ Kg4 45. Nhg2 Kf3 46. Nh4+ Kg4 47. Nhg2 Kf3 48. Nh4+ Kg4 49. Nhg2 Kf3 1/2-1/2

[Event "*** Titled Tuesday Blitz"]
[Site "Chess.com"]
[Date "2018.05.01"]
[Round "3"]
[White "TST2014"]
[Black "DenksportAcademie"]
[Result "1-0"]
[WhiteElo "2404"]
[BlackElo "2232"]
[TimeControl "180+2"]
[EndTime "13:39:07 PDT"]
[Termination "TST2014 won by checkmate"]

1. d4 g6 2. e4 Bg7 3. Nf3 c5 4. d5 d6 5. Bb5+ Bd7 6. a4 Qa5+ 7. Bd2 Qb6 8. Nc3 a6 9. a5 Qc7 10. Be2 b5 11. axb6 Qxb6 12. Qc1 Nf6 13. h3 O-O 14. O-O Qb7 15. Ra3 Bb5 16. Rb3 Qd7 17. Nxb5 axb5 18. Bxb5 Qc7 19. Re1 Nbd7 20. Bc3 Rfb8 21. Qd2 Ra2 22.
Bc4 Rxb3 23. Bxb3 Ra8 24. e5 dxe5 25. Nxe5 Nxe5 26. Bxe5 Qc8 27. c4 Qb7 28. Qc3 Ne8 29. Bc2 Bf6 30. f4 Ra2 31. b3 Bxe5 32. fxe5 Qb8 33.
Ra1 Rxa1+ 34. Qxa1 Ng7 35. Qc3 h5 36. Qe3 Ne8 37. Kf2 Qb4 38. Ke2 Qb6 39. e6 fxe6 40. Bxg6 Ng7 41. Qh6 Qxb3 42. Qh7+ Kf8 43. Qh8# 1-0

[Event "*** Titled Tuesday Blitz"]
[Site "Chess.com"]
[Date "2018.05.01"]
[Round "3"]
[White "MattyDPerrine"]
[Black "GMMatamoros"]
[Result "0-1"]
[WhiteElo "2291"]
[BlackElo "2514"]
[TimeControl "180+2"]
[EndTime "13:39:08 PDT"]
[Termination "GMMatamoros won on time"]

1. Nf3 Nf6 2. g3 g6 3. Bg2 Bg7 4. O-O O-O 5. d4 d6 6. c4 Nbd7 7. Nc3 e5 8. e4 a6 9. Re1 exd4 10. Nxd4 Ng4 11. Nc2 Nge5 12. Ne3 Nc5 13. Bf1 h5 14. f4 Ng4 15. Nc2 Re8 16. h3 Bxc3 17. bxc3 Nf6 18.
e5 dxe5 19. Qxd8 Rxd8 20. fxe5 Nfe4 21. Ba3 Rd2 22. Nd4 Bf5 23. Bc1 Rd3 24. Bxd3 Nxd3 25.
Re3 Nxe5 26. c5 Nc4 27. Rf3 Bd7 28. Bf4 Nxc5 29. Bxc7 Bxh3 0-1

[Event "*** Titled Tuesday Blitz"]
[Site "Chess.com"]
[Date "2018.05.01"]
[Round "3"]
[White "Margency"]
[Black "MartinMatthiesen"]
[Result "1-0"]
[WhiteElo "2537"]
[BlackElo "2360"]
[TimeControl "180+2"]
[EndTime "13:39:08 PDT"]
[Termination "Margency won by resignation"]

1. e4 e5 2. Nf3 Nc6 3. Bc4 Bc5 4. O-O Nf6 5. d3 d6 6. c3 a6 7. Bb3 Ba7 8. Nbd2 O-O 9. h3 Re8 10. Re1 Be6 11. Ng5 Bxb3 12. Qxb3 Qd7 13. a4 h6 14. Ngf3 d5 15. exd5 Nxd5 16. Nc4 f6 17. Be3 Kh8 18. Bxa7 Rxa7 19. Rad1 Raa8 20. a5 Rab8 21. Qc2 b5 22. axb6 cxb6 23. d4 exd4 24. Rxe8+ Rxe8 25. Nxd4 Nxd4 26. Rxd4 Re1+ 27. Kh2 Qc7+ 28. g3 Qc6 29. Ne3 Ne7 30. Rd8+ Ng8 31. Nd5 Re8 32. Rxe8 Qxe8 33. Nxb6 Qe1 34.
Nd5 h5 35. h4 Nh6 36. Ne3 Ng4+ 37. Nxg4 hxg4 38. c4 Kg8 39. c5 Qe7 40. c6 Qc7 41. Qc4+ Kf8 42. Qxa6 Qe5 43. Qc8+ Ke7 44. Qd7+ Kf8 45. c7 1-0

[Event "*** Titled Tuesday Blitz"]
[Site "Chess.com"]
[Date "2018.05.01"]
[Round "3"]
[White "Arystanner23"]
[Black "Artur0208"]
[Result "0-1"]
[WhiteElo "2395"]
[BlackElo "2410"]
[TimeControl "180+2"]
[EndTime "13:39:13 PDT"]
[Termination "Artur0208 won by resignation"]

1. e4 e5 2. Nf3 Nc6 3. Bb5 a6 4. Ba4 Nf6 5. d3 b5 6. Bb3 Bc5 7. Nc3 h6 8. Nd5 d6 9. c3 O-O 10. Nxf6+ Qxf6 11. Rg1 Be6 12. g4 Bxb3 13. axb3 Qe6 14.
b4 Bb6 15. g5 h5 16. Nh4 g6 17. Qf3 a5 18. bxa5 Bxa5 19. Kf1 b4 20. Bd2 bxc3 21. bxc3 Bb6 22. Rxa8 Rxa8 23. Nf5 Ra1+ 24. Be1 gxf5 25.
exf5 Qa2 26. Kg2 Ne7 27. c4 Qa8 28. Qxa8+ Rxa8 29. f6 Ng6 30. Kf3 Ra2 31. Ke4 c6 32. Bb4 Re2+ 33. Kf3 Rxf2+ 34. Kg3 Rb2 35. c5 Rxb4 36.
cxb6 Rxb6 37. Ra1 Rb3 38. Ra8+ Kh7 39. Ra7 Rxd3+ 40. Kf2 Nh8 41. h4 Rd4 42. Kg3 c5 43. Rc7 c4 44. Kh3 d5 45. Kg3 Rd3+ 46. Kf2 c3 47.
Ke2 e4 48. Rc5 d4 49. Re5 Re3+ 50. Kf2 c2 51. g6+ Kxg6 52. Rg5+ Kxf6 53. Rc5 Rc3 0-1

[Event "*** Titled Tuesday Blitz"]
[Site "Chess.com"]
[Date "2018.05.01"]
[Round "3"]
[White "FearNoEvil12"]
[Black "arna"]
[Result "0-1"]
[WhiteElo "1956"]
[BlackElo "2121"]
[TimeControl "180+2"]
[EndTime "13:39:16 PDT"]
[Termination "arna won on time"]

1. e4 c5 2. Nc3 Nc6 3. f4 a6 4. a4 e6 5. Nf3 d5 6. d3 Nf6 7. Qe2 Be7 8. g3 b6 9. Bg2 Bb7 10. O-O O-O 11. h3 Nd4 12. Qf2 dxe4 13. Nxd4 cxd4 14. Nxe4 Qc7 15. Kh2 Rfd8 16. f5 Nxe4 17.
dxe4 e5 18. Qe2 f6 19. Rf2 Rac8 20. b3 Qc3 21. Rb1 d3 22. cxd3 Qxd3 23. Qxd3 Rxd3 24.
Re2 Rcc3 25. Bd2 Rc2 26. Rd1 Rxb3 27. Re3 Rxd2 0-1

[Event "*** Titled Tuesday Blitz"]
[Site "Chess.com"]
[Date "2018.05.01"]
[Round "3"]
[White "PrinceCharming92"]
[Black "schoolmeester"]
[Result "0-1"]
[WhiteElo "2454"]
[BlackElo "2713"]
[TimeControl "180+2"]
[EndTime "13:39:17 PDT"]
[Termination "schoolmeester won by resignation"]

1. e4 Nc6 2. Nf3 d6 3. Nc3 Nf6 4. Bc4 g6 5. O-O Bg7 6. d3 Na5 7. Bb3 Nxb3 8. axb3 e5 9. Bg5 h6 10. Be3 Ng4 11. Bd2 O-O 12. h3 Nf6 13. Nh2 d5 14. exd5 Nxd5 15. Re1 b6 16. Ng4 Bxg4 17. Qxg4 c5 18. Qc4 Nc7 19. Ne4 a5 20. Bc3 Re8 21. Nd2 Qd6 22. Re2 Re7 23. Rae1 Rae8 24. Qh4 f6 25. Qg4 Kh7 26. Ne4 Qc6 27. Ng3 f5 28. Qh4 Bf6 29. Qc4 b5 30. Rxe5 bxc4 31. Rxe7+ Rxe7 32.
Rxe7+ Bxe7 0-1

[Event "*** Titled Tuesday Blitz"]
[Site "Chess.com"]
[Date "2018.05.01"]
[Round "3"]
[White "akretchetov"]
[Black "Kangoroo3000"]
[Result "0-1"]
[WhiteElo "2223"]
[BlackElo "2424"]
[TimeControl "180+2"]
[EndTime "13:39:17 PDT"]
[Termination "Kangoroo3000 won by resignation"]

1. Nf3 d5 2. d4 c5 3. dxc5 e6 4. c4 Bxc5 5. cxd5 exd5 6. Nc3 Nf6 7.
e3 O-O 8. Be2 Nc6 9. O-O d4 10.
Na4 b6 11. Nxc5 bxc5 12. exd4 cxd4 13. Bg5 Bf5 14. Bb5 Be4 15. Bxc6 Bxc6 16. Nxd4 Bd5 17.
Nf5 Be4 18. Nd6 Bg6 19. Qd4 Rb8 20. b3 Rb6 21. Rad1 h6 22. Bh4 Qd7 23. Bxf6 gxf6 24. Nc4 Qxd4 25. Rxd4 Ra6 26. Rd2 Re8 27. f3 Kg7 28.
Kf2 h5 29. h4 Rc8 30. Re1 Bf5 31. Re7 Be6 32. Ne3 Rc1 33. f4 f5 34. Rb7 Ra1 35. a4 Rb1 36. Rd3 Rxa4 37. Rxf7+ Kxf7 38. bxa4 Rb4 39.
Ra3 Rxf4+ 40. Ke2 Re4 41. Kf3 Rxh4 42. g3 Rb4 43. Ng2 Bd7 44. a5 Bc6+ 0-1

[Event "*** Titled Tuesday Blitz"]
[Site "Chess.com"]
[Date "2018.05.01"]
[Round "3"]
[White "eljanov"]
[Black "PchelkinVK"]
[Result "1/2-1/2"]
[WhiteElo "2649"]
[BlackElo "2432"]
[TimeControl "180+2"]
[EndTime "13:39:23 PDT"]
[Termination "Game drawn by agreement"]

1. c4 e5 2. Nc3 Nc6 3. g3 Bc5 4. Bg2 d6 5. Nf3 Bf5 6. d3 Qd7 7. Nd5 Nge7 8. e4 Bg4 9. h3 Bxf3 10.
Bxf3 Nxd5 11. cxd5 Nd4 12. Bg4 f5 13. exf5 Nxf5 14.
Be3 Bb4+ 15. Kf1 Nxe3+ 16. fxe3 O-O+ 17. Kg2 Qb5 18. Be6+ Kh8 19. Qe2 Bc5 20. Rhf1 e4 21. Rxf8+ Rxf8 22. Rf1 Rxf1 23. Qxf1 Qxb2+ 24. Kh1 Qf6 25. Qxf6 gxf6 26. d4 Bb4 27. Kg2 c5 28. dxc6 bxc6 29.
Bf5 d5 30. Kf2 Kg7 31. Bd7 c5 32. Bc6 cxd4 33. exd4 f5 34. Bxd5 Kf6 35. g4 fxg4 36.
hxg4 Kg5 37. Bxe4 Kxg4 38. Bxh7 Kf4 39. Ke2 Kg5 40. Kd3 Kf6 41. Kc4 Ba5 42. Kb5 Bb6 43.
d5 Ke7 44. Kc6 Kd8 45. d6 Bd4 46. Bf5 Be3 1/2-1/2